 Dungeon Crawl Stone Soup version 0.31.0-12-g77e489cdc1 (webtiles) character file.

Game seed: 7866788962459034687

45 Doomgape the Ruffian (level 3, -3/37 HPs)
             Began as a Troll Monk on Feb 13, 2024.
             Slain by Crazy Yiuf
             ... wielding a +2 quarterstaff of chaos
              (6 damage)
             ... on level 2 of the Dungeon.
             The game lasted 00:01:26 (750 turns).

Doomgape the Ruffian (Troll Monk)                    Turns: 750, Time: 00:01:27

Health: -3/37      AC:  5    Str: 21    XL:     3   Next: 42%
Magic:  2/2        EV: 10    Int:  6    God:
Gold:   87         SH:  0    Dex: 12    Spells: 2/2 levels left

rFire   . .          .
                       - Unarmed
rCold   . . .        c - orb {light}
rNeg    . . .        a - +1 robe
rPois   .            (helmet restricted)
rElec   .            (no cloak)
rCorr   .            (gloves unavailable)
SInv    .            (boots unavailable)
Will    .....        (no amulet)
Stlth   +            (no ring)
HPRegen 1.06/turn    (no ring)
MPRegen 0.08/turn

%: no passive effects
@: lethally poisoned (-3 -> -7), glowing
A: large, unfitting armour, claws 3, regeneration 1, shaggy fur 1, tough skin 1
a: no special abilities


You were on level 2 of the Dungeon.
You visited 1 branch of the dungeon, and saw 2 of its levels.

You collected 87 gold pieces.

Inventory:

Armour
 a - a +1 robe (worn)
 c - an orb of light (worn)
Jewellery
 l - a ring of wizardry
Scrolls
 g - a scroll of poison {unknown}
 h - a scroll of teleportation {unknown}
 i - a scroll of identify {unknown}
 m - a scroll of fear {unknown}
Potions
 b - a potion of ambrosia
 j - a potion of curing {unknown}
 k - a potion of haste {unknown}


   Skills:
 + Level 3.1 Fighting
 - Level 2.4 Dodging
 + Level 3.8 Unarmed Combat


You had 2 spell levels left.
You didn't know any spells.
Your spell library contained the following spells:

 Spells                   Type           Power      Damage    Failure   Level
 Shock                    Conj/Air       0%         1d3       45%         1
 Lesser Beckoning         Tloc           0%         N/A       58%         2
 Gell's Gravitas          Tloc           0%         N/A       83%         3
 Swiftness                Air            0%         N/A       83%         3
 Teleport Other           Tloc           0%         N/A       83%         3
 Airstrike                Air            0%         2d(0-16)  99%         4


Dungeon Overview and Level Annotations

Branches:
Dungeon (2/15)

Altars:

Annotations:
D:2 Crazy Yiuf


Innate Abilities, Weirdness & Mutations

You are too large for most types of armour.
You have claws for hands.
Your natural rate of healing is unusually fast.
You are covered in fur. (AC +1)
You have tough skin. (AC +1)


Message History

a +0 club; a goblin corpse
As you read the scroll labelled INOFOU WYLLIK, it crumbles to dust.
It is a scroll of enchant armour.
Your +0 robe glows green for a moment.
As you read the scroll labelled ZUXZAU PAUH, it crumbles to dust.
Wisps of shadow whirl around you...
It was a scroll of summoning.
Unknown command.
As you read the scroll labelled FUSMONKI GEKH, it dissolves into smoke.
It was a scroll of fog.
You swap places.
Found a hammer.
Found a runed translucent door.
Crazy Yiuf shouts!
You open the door. You scratch Crazy Yiuf.
Crazy Yiuf is lightly wounded.
Crazy Yiuf says, "Sif Muna!
Earwax leg agre."
Crazy Yiuf hits you with a +2 quarterstaff of chaos.
Crazy Yiuf freezes you.
You barely miss Crazy Yiuf.
Crazy Yiuf is lightly wounded.
Crazy Yiuf hits you with a +2 quarterstaff of chaos!
Crazy Yiuf burns you.
You scratch Crazy Yiuf.
Crazy Yiuf is heavily wounded.
Crazy Yiuf hits you with a +2 quarterstaff of chaos!
* * * LOW HITPOINT WARNING * * *
You are poisoned.
You scratch Crazy Yiuf.
Crazy Yiuf is heavily wounded.
You feel sick.
Crazy Yiuf hits you with a +2 quarterstaff of chaos.
* * * LOW HITPOINT WARNING * * *
You are lethally poisoned!
Unknown command.
You barely miss Crazy Yiuf.
Crazy Yiuf is heavily wounded.
* * * LOW HITPOINT WARNING * * *
You feel very sick.
Crazy Yiuf hits you with a +2 quarterstaff of chaos.
You die...

#....####.......##
# #....# #.##.####
# ♣....♣ #....# #
♣..P♣♣ #..... #
♣♣.♣♣ #....#. .
♣.♣♣ ##... #. ♣♣J♣
.. ♣S♣♣ ♣♣@♣ #g#
... #...# #..)#
#####


You could see Crazy Yiuf (ally target), a friendly adder (summoned) and a
friendly endoplasm (summoned).

Vanquished Creatures
  An adder (D:2)
  4 bats (D:1)
  2 endoplasms (D:1)
  2 giant cockroaches (D:1)
  A hobgoblin (D:1)
  2 jackals (D:1)
  2 quokkas
  6 ball pythons
  A frilled lizard (D:2)
  3 goblins
  8 kobolds
  3 rats
35 creatures vanquished.

Notes
Turn   | Place    | Note
-------+----------+-------------------------------------------
     0 | D:1      | Doomgape the Troll Monk began the quest for the Orb.
     0 | D:1      | Reached XP level 1. HP: 22/22 MP: 0/0
   107 | D:1      | Reached XP level 2. HP: 27/29 MP: 1/1
   495 | D:1      | Reached XP level 3. HP: 32/37 MP: 2/2
   741 | D:2      | Found a runed translucent door.
   742 | D:2      | Noticed Crazy Yiuf
   750 | D:2      | Slain by Crazy Yiuf

Illustrated notes

Levels and vault maps discovered:
D:1:      dpeg_arrival_arbitrary_b, layout_loops_cross
D:2:      layout_rooms, minmay_hexomino_r4, uniq_crazy_yiuf_cottage

Skill      XL: |  1  2 |
---------------+-------+-----
Fighting       | 3 |  3.1
Dodging        | |  2.4
Unarmed Combat | |  3.8

Action                     || total
---------------------------++-------
  Melee: Unarmed           ||    65
    Use: Scroll            ||     3
 Armour: Robe              ||    32
  Dodge: Dodged            ||    28
